 Dungeon Crawl Stone Soup version 0.21.1-1-g345015f (webtiles) character file.

42 Iko the Magician (level 3, -1/24 HPs)
             Began as a Mummy Ice Elementalist on May 23, 2018.
             Killed from afar by an orc wizard (9 damage)
             ... with a puff of flame
             ... on level 3 of the Dungeon.
             The game lasted 00:06:54 (560 turns).

Iko the Magician (Mummy Ice Elementalist)            Turns: 560, Time: 00:06:55

Health: -1/24      AC:  8    Str: 12    XL:     3   Next: 35%
Magic:  3/8        EV:  7    Int: 14    God:
Gold:   88         SH:  0    Dex: 12    Spells: 8/9 levels left

rFire    x . .     SeeInvis .   f - +0 short sword
rCold    + . .     Gourm    .   (no shield)
rNeg     + + +     Faith    .   g - +0 ring mail
rPois    ∞         Spirit   .   (no helmet)
rElec    .         Reflect  .   (no cloak)
rCorr    .         Harm     .   (no gloves)
MR       .....                  (no boots)
Stlth    +.........             (no amulet)
HPRegen  0.08/turn              d - +3 ring of protection
MPRegen  0.11/turn              h - ring of wizardry

@: very slightly contaminated, constricted
A: no food or potions, fire vulnerability, cold resistance 1, negative energy
resistance 3, torment resistance, unbreathing
a: no special abilities


You were on level 3 of the Dungeon.
You were not hungry.

You visited 1 branch of the dungeon, and saw 3 of its levels.

You collected 88 gold pieces.

Inventory:

Hand Weapons
 f - a +0 short sword (weapon)
Armour
 g - a +0 ring mail (worn)
Jewellery
 d - a +3 ring of protection (left hand)
 h - a ring of wizardry (right hand)
Scrolls
 a - a scroll of noise {unknown}
 c - a scroll of teleportation
 e - 2 scrolls of identify
Books
 b - a book of Frost

   Spells                             Type                      Level
   a - Freeze                         Ice                          1
   b - Throw Frost                    Conjuration/Ice              2
   c - Ozocubu's Armour               Charms/Ice                   3
   d - Throw Icicle                   Conjuration/Ice              4
   e - Summon Ice Beast               Ice/Summoning                4


   Skills:
 + Level 1.6 Dodging
 + Level 1.8 Stealth
 + Level 3.9 Spellcasting
   Level 0.7 Conjurations
 + Level 2.9 Ice Magic


You had 8 spell levels left.
You knew the following spells:

 Your Spells              Type           Power        Failure   Level  Hunger
a - Freeze                Ice            ##..         5%          1    N/A

Dungeon Overview and Level Annotations

Branches:
Dungeon (3/15)

Altars:


Innate Abilities, Weirdness & Mutations

You do not eat or drink.
Your flesh is vulnerable to fire.
You are immune to poison.
Your flesh is cold resistant. (rC+)
You are immune to negative energy. (rN+++)
You are immune to unholy pain and torment.
You can survive without breathing.


Message History

The ball python bites you but does no damage.
The ball python constricts you.
The orc wizard hits you but does no damage.
The orc wizard gestures wildly while chanting.
The orc wizard seems to speed up.
The shadow imp hits you but does no damage.
You barely miss the shadow imp.
The shadow imp is almost dead.
The ball python bites you but does no damage.
The ball python constricts you.
The orc wizard points at you and mumbles some strange words.
The magic dart hits you!
The shadow imp hits you but does no damage.
The ball python bites you but does no damage.
The ball python constricts you.
You closely miss the shadow imp.
The shadow imp is almost dead.
The orc wizard points at you and mumbles some strange words.
The puff of flame hits you! The fire burns you terribly!
You die...

###.......# .........#
......... .)....... ..
.o...#..#
..######......#
.......#oo...###
##...$..S5#......
#........@#......
#.........o.o....
...........!....#
#..........%...## #.#
#..............#
##>.##........#..#..#
.............>........
................###...
............††.(..# #.


You could see 2 orc wizards, a shadow imp, 3 orcs and a ball python.

Vanquished Creatures
  3 adders (D:3)
  A leopard gecko (D:1)
  A giant cockroach (D:1)
  2 goblins (D:1)
  2 hobgoblins
  4 kobolds
  A frilled lizard (D:1)
  3 rats
17 creatures vanquished.

Notes
Turn   | Place    | Note
-------+----------+-------------------------------------------
     0 | D:1      | Iko the Mummy Ice Elementalist began the quest for the Orb.
     0 | D:1      | Reached XP level 1. HP: 13/13 MP: 4/4
   123 | D:1      | Reached skill level 3 in Spellcasting
   206 | D:1      | Reached XP level 2. HP: 16/19 MP: 6/6
   519 | D:3      | Reached XP level 3. HP: 20/24 MP: 4/8
   560 | D:3      | Killed from afar by an orc wizard

Skill      XL: |  1 |
---------------+----+-----
Spellcasting   | 3 |  3.9
Dodging        | |  1.6
Stealth        | |  1.8
Conjurations   | |  0.7
Ice Magic      | |  2.9

Action                   || total
-------------------------++-------
Melee: Club              ||     6
       Unarmed           ||     5
       Short sword       ||    41
 Cast: Freeze            ||    18
  Use: Scroll            ||     2
Armor: Robe              ||     1
       Ring mail         ||    41
Dodge: Dodged            ||    52
